 Dungeon Crawl Stone Soup version 0.24-a0-139-geb6712d (webtiles) character file.

Game seed: 9922025374913457565

39 tilp the Gusty (level 3, 0/19 HPs)
             Began as a Tengu Air Elementalist on Mar 2, 2019.
             Slain by Jessica
             ... wielding a +1 dagger of venom
              (5 damage)
             ... on level 2 of the Dungeon.
             The game lasted 00:05:07 (1325 turns).

tilp the Gusty (Tengu Air Elementalist)             Turns: 1325, Time: 00:05:07

Health: 0/19       AC:  2    Str:  8    XL:     3   Next: 47%
Magic:  0/7        EV: 12    Int: 16    God:
Gold:   19         SH:  0    Dex: 14    Spells: 0/6 levels left

rFire    . . .     SeeInvis .   g - +0 short sword
rCold    . . .     Gourm    .   (no shield)
rNeg     . . .     Faith    .   a - +0 robe
rPois    .         Spirit   .   (helmet restricted)
rElec    .         Reflect  .   (no cloak)
rCorr    .         Harm     .   (no gloves)
MR       .....                  (boots unavailable)
Stlth    ++........             (no amulet)
HPRegen  0.06/turn              (no ring)
MPRegen  0.10/turn              (no ring)

@: lethally poisoned (0 -> -27), very slightly contaminated
A: beak, talons 3
a: no special abilities


You were on level 2 of the Dungeon.
You were not hungry.

You visited 1 branch of the dungeon, and saw 2 of its levels.

You collected 19 gold pieces.

Inventory:

Hand Weapons
 e - a +0 club
 g - a +0 short sword (weapon)
Missiles
 d - 20 arrows
 h - 6 stones (quivered)
Armour
 a - a +0 robe (worn)
Scrolls
 f - a scroll of remove curse {unknown}
Potions
 b - a potion of degeneration {unknown}
Comestibles
 c - 3 rations


   Skills:
 - Level 2.1 Dodging
 - Level 2.0 Stealth
 - Level 2.0 Spellcasting
 - Level 1.3 Conjurations
 + Level 5.9 Air Magic


You couldn't memorise any spells.
You knew the following spells:

 Your Spells              Type           Power        Failure   Level  Hunger
a - Shock                 Conj/Air       ##..         4%          1    #......
b - Swiftness             Chrm/Air       ##......     10%         2    ###....
c - Static Discharge      Conj/Air       ##......     14%         3    ###....

Your spell library contained the following spells:

 Spells                   Type           Power        Failure   Level  Hunger
 Airstrike                Air            ###.......   19%         4    #####..
 Lightning Bolt           Conj/Air       ##........   78%         5    ######.


Dungeon Overview and Level Annotations

Branches:
Dungeon (2/15)

Altars:

Annotations:
D:2 Jessica


Innate Abilities, Weirdness & Mutations

You have a beak for a mouth.
You have claws for feet.


Message History

You feel sick.
Jessica drinks a potion.
Jessica is healed!
You hit Jessica.
Jessica is heavily wounded.
Jessica hits you but does no damage.
You are lethally poisoned!
Casting: Shock (safe; 4% risk of failure)
Confirm with . or Enter, or press ? or * to list all spells.
Aiming: Shock (safe; 4% risk of failure)
Press: ? - help, Shift-Dir - straight line, f/p - Jessica
Aim: Jessica, wielding a +1 dagger of venom and wearing a +0 robe (heavily wounded)
The zap hits Jessica.
Jessica is almost dead.
You feel sick.
Jessica hits you with a +1 dagger of venom.
You are more poisoned.
You completely miss Jessica. Your kick misses Jessica.
Jessica is almost dead.
You feel sick.
Jessica hits you with a +1 dagger of venom.
You die...

#### .....
%.... ......
####....%.
####..@......
#....@# #.#(.##
#####.(.##
##......##
#######.....###
.........####
#####..### #.##
#.#


You could see Jessica.

Vanquished Creatures
  A dart slug (D:2)
  A leopard gecko (D:1)
  3 bats (D:1)
  2 giant cockroaches
  4 goblins (D:1)
  5 hobgoblins
  4 jackals (D:1)
  6 kobolds
  A ball python (D:1)
  2 frilled lizards (D:1)
  2 rats (D:1)
31 creatures vanquished.

Notes
Turn   | Place    | Note
-------+----------+-------------------------------------------
     0 | D:1      | tilp the Tengu Air Elementalist began the quest for the
                  | Orb.
     0 | D:1      | Reached XP level 1. HP: 10/10 MP: 4/4
   358 | D:1      | Reached XP level 2. HP: 8/15 MP: 3/6
   655 | D:1      | Reached skill level 5 in Air Magic
   926 | D:1      | Reached XP level 3. HP: 19/19 MP: 3/7
  1008 | D:1      | Learned a level 2 spell: Swiftness
  1012 | D:1      | Learned a level 3 spell: Static Discharge
  1315 | D:2      | Noticed Jessica
  1325 | D:2      | Slain by Jessica

Levels and vault maps discovered:
D:1:      ebering_hopf_link, layout_loops_ring, minmay_misc_feat_plants,
          hex_medium
D:2:      layout_rooms, tgw_kikubaaqudgha, uniq_jessica

Skill      XL: |  1  2 |
---------------+-------+-----
Air Magic      | 5 |  5.9
Dodging        | |  2.1
Stealth        | |  2.0
Spellcasting   | |  2.0
Conjurations   | |  1.3

Action                   || total
-------------------------++-------
Melee: Unarmed           ||     4
       Peck              ||     2
       Short sword       ||    13
       Kick              ||     2
 Cast: Shock             ||    44
       Static Discharge  ||     2
 Stab: Distracted        ||     1
  Eat: Chunk             ||     2
Armor: Robe              ||     1
Dodge: Dodged            ||    16

Table legend:
 A = Non-vault XP
 B = Vault XP
 C = Vault XP percentage of total XP
 D = Non-vault monster count
 E = Vault monster count
 F = Vault count percentage of total count
                 A         B        C        D         E       F
            +---------+---------+-------+---------+---------+-------
      Total |      57 |       0 |   0.0 |      31 |       0 |   0.0
            +---------+---------+-------+---------+---------+-------
        D:1 |      46 |       0 |   0.0 |      26 |       0 |   0.0
        D:2 |      11 |       0 |   0.0 |       5 |       0 |   0.0
            +---------+---------+-------+---------+---------+-------
